 Seeded DCSS version 0.29-a0-350-g7790a0e70a (webtiles) character file.

Game seed: 11707565154915832553 (custom seed)

61 zeratav the Conjurer (level 4, -11/27 HPs)
             Began as an Octopode Conjurer on Apr 22, 2022.
             Killed from afar by Ijyb (25 damage)
             ... with a bolt of acid
             ... on level 3 of the Dungeon.
             The game lasted 00:04:25 (2451 turns).

zeratav the Conjurer (Octopode Conjurer)            Turns: 2451, Time: 00:04:26

Health: -11/27     AC:  2    Str:  6    XL:     4   Next: 7%
Magic:  8/16       EV: 13    Int: 22    God:
Gold:   77         SH:  0    Dex: 10    Spells: 5/8 levels left

rFire   . . .      SeeInvis .   l - staff of conjuration {@e2staff}
rCold   . . .      Faith    .   (no shield)
rNeg    . . .      Spirit   .   o - +1 hat
rPois   .          Reflect  .   (no amulet)
rElec   .          Harm     .   j - ring of magical power
rCorr   .          Rampage  .   (no ring)
Will    .....                   (no ring)
Stlth   +++.......              (no ring)
HPRegen 0.09/turn               (no ring)
MPRegen 0.15/turn               (no ring)
                                (no ring)
                                (no ring)

@: no status effects
A: almost no armour, amphibious, 8 rings, camouflage 1, gelatinous body 1,
(nimble swimmer 1), tentacles
a: no special abilities


You were on level 3 of the Dungeon.
You visited 1 branch of the dungeon, and saw 3 of its levels.

You collected 77 gold pieces.


Innate Abilities, Weirdness & Mutations

You cannot wear most types of armour.
You are amphibious.
You can wear up to eight rings at the same time.
Your skin changes colour to match your surroundings (Stealth+).
Your rubbery body absorbs attacks. (AC +1, EV +1)
((You are camouflaged when in or above water. (Stealth+)))
You have tentacles for arms and can constrict up to eight enemies at once.


   Skills:
 - Level 2.0 Dodging
 - Level 2.6 Stealth
 + Level 2.6 Spellcasting
 * Level 4.8 Conjurations
 + Level 1.4 Translocations


You had 5 spell levels left.
You knew the following spells:

 Your Spells              Type           Power      Damage    Failure   Level
a - Magic Dart            Conj           100%       1d8       1%          1
b - Searing Ray           Conj           72%        2d7       2%          2

Your spell library contained the following spells:

 Spells                   Type           Power      Damage    Failure   Level
 Blink                    Tloc           18%        N/A       11%         2
 Animate Skeleton         Necr           4%         N/A       13%         1
 Pain                     Necr           8%         1d4       13%         1
 Conjure Flame            Conj/Fire      20%        6-21      14%         3
 Dazzling Flash           Conj/Hex       40%        N/A       14%         3
 Call Imp                 Summ           2%         N/A       21%         2
 Ensorcelled Hibernation  Hex/Ice        4%         N/A       21%         2
 Passwall                 Tmut/Erth      1%         N/A       21%         2
 Mephitic Cloud           Conj/Pois/Air  14%        N/A       21%         3
 Lesser Beckoning         Tloc           9%         N/A       22%         3
 Iskenderun's Mystic Bla  Conj/Tloc      25%        2d7       34%         4
 Ignite Poison            Fire/Tmut/Pois 2%         N/A       36%         3
 Swiftness                Air            2%         N/A       36%         3
 Vampiric Draining        Necr           2%         2d6       36%         3
 Fulminant Prism          Conj/Hex       10%        3d9       43%         4
 Sticky Flame             Conj/Fire      20%        2d4       43%         4
 Manifold Assault         Tloc           9%         N/A       89%         5

Inventory:

Hand Weapons
 b - a +0 vampiric spear {polearm}
   (You found it on level 2 of the Dungeon)
 c - a +2 dagger of venom {short}
   (You took it off a goblin on level 2 of the Dungeon)
Armour
 o - a +1 hat (worn)
   (You found it on level 2 of the Dungeon)
Magical Staves
 l - a staff of conjuration (weapon) {@e2staff}
   (You found it on level 2 of the Dungeon)
Jewellery
 j - a ring of magical power (left tentacle)
   (You found it on level 1 of the Dungeon)
Scrolls
 f - a scroll of enchant weapon {unknown}
 g - 2 scrolls of enchant armour {unknown}
 h - 2 scrolls of teleportation {unknown}
 k - 2 scrolls of identify {unknown}
 m - a scroll of magic mapping {unknown}
 n - a scroll of immolation {unknown}
Potions
 a - a potion of magic
 d - a potion of berserk rage {unknown}
 e - a potion of cancellation {unknown}
 i - 2 potions of degeneration {unknown}
 p - a potion of might {unknown}

Dungeon Overview and Level Annotations

Branches:
Dungeon (3/15)

Altars:
Xom

Shops:
D:1 [*=!

Annotations:
D:3 Ijyb

........ ........
#.........# ........ .
#.#.#.#.#.# ........ ..
#.........# ########
.##.#.#.#.#..
............
##############.#.#.#.#..
............##...g......
......##....#..#@#.#.#$.
......##....#...........
.#######..).#..#........
.##.........##.##.#.....
.##.##########.# .#.....
###.# #.# .# .... #
#.#### #.# .# ... #....#
#.# .# ... ######.# #.#


You could see Ijyb.


Message History

You lost 1 mp, and now have 15/16 mp.
You feel a surge of power!
The magic dart hits the endoplasm.
MP[-1]
You lost 1 mp, and now have 14/16 mp.
You feel a surge of power!
The magic dart hits the endoplasm.
You kill the endoplasm!
MP[-1]
You lost 1 mp, and now have 13/16 mp.
You can't see any susceptible monsters within range! (Use Z to cast anyway.)
You can't see any susceptible monsters within range! (Use Z to cast anyway.)
A bat comes into view.
MP[+3]
Your mp is fully restored (16).
A bat is nearby!
You feel a surge of power!
The magic dart hits the bat.
You kill the bat!
MP[-1]
You lost 1 mp, and now have 15/16 mp.
You can't see any susceptible monsters within range! (Use Z to cast anyway.)
You can't see any susceptible monsters within range! (Use Z to cast anyway.)
You can't see any susceptible monsters within range! (Use Z to cast anyway.)
A kobold comes into view. It is wielding a +0 dagger.
MP[+1]
Your mp is fully restored (16).
You feel a surge of power!
The magic dart hits the kobold.
The kobold shouts!
MP[-1]
You lost 1 mp, and now have 15/16 mp.
You feel a surge of power!
The magic dart hits the kobold.
You kill the kobold!
MP[-1]
You lost 1 mp, and now have 14/16 mp.
You can't see any susceptible monsters within range! (Use Z to cast anyway.)
You can't see any susceptible monsters within range! (Use Z to cast anyway.)
Found an escape hatch in the floor.
MP[+2]
Your mp is fully restored (16).
Things that are here:
a +0 dagger {short}; a kobold corpse
h - 2 scrolls labelled ODENTUI ULENOG (gained 1)
k - 2 scrolls labelled REVVAC ALAUHOSTUM (gained 1)
You now have 77 gold pieces (gained 13).
Found a shimmering altar of Xom.
A goblin comes into view. It is wielding a +0 club.
You feel a surge of power!
The magic dart hits the goblin!
You kill the goblin!
MP[-1]
You lost 1 mp, and now have 15/16 mp.
You can't see any susceptible monsters within range! (Use Z to cast anyway.)
You can't see any susceptible monsters within range! (Use Z to cast anyway.)
Things that are here:
a +0 club {mace}; a goblin corpse; MP[+1]
Your mp is fully restored (16).
Ijyb the Twisted Goblin comes into view.
She is wielding a +0 dagger and carrying a wand of acid (12).
You can't see any susceptible monsters within range! (Use Z to cast anyway.) Unknown command.
Ijyb shouts!
Casting: Magic Dart (safe; 1% risk of failure)
Confirm with . or Enter, or press ? or * to list all spells.
Aiming: Searing Ray (safe; 2% risk of failure)
Press: ? - help, Shift-Dir - straight line, f - Ijyb
Aim: Ijyb, wielding a +0 dagger, wearing a +0 ring mail and carrying a wand of acid (12) (78% to hit)
You feel a surge of power!
The searing ray hits Ijyb but does no damage. (Press . to maintain the ray.) MP[-2]
You lost 2 mp, and now have 14/16 mp.
The searing ray hits Ijyb.
Ijyb hits you with a +0 dagger.
HP[-5] MP[-1]
You take 5 damage, and now have 22/27 hp.
You lost 1 mp, and now have 13/16 mp.
The searing ray misses Ijyb.
Ijyb barely misses you.
MP[-1]
You lost 1 mp, and now have 12/16 mp.
The searing ray hits Ijyb!
You finish channelling your searing ray.
Ijyb hits you with a +0 dagger.
HP[-1] MP[-1]
You take 1 damage, and now have 21/27 hp.
You lost 1 mp, and now have 11/16 mp.
Casting: Searing Ray (safe; 2% risk of failure)
Confirm with . or Enter, or press ? or * to list all spells.
Aiming: Searing Ray (safe; 2% risk of failure)
Press: ? - help, Shift-Dir - straight line, f/p - Ijyb
Aim: Ijyb, wielding a +0 dagger, wearing a +0 ring mail and carrying a wand of acid (12) (heavily wounded, 78% to hit)
You feel a surge of power!
The searing ray hits Ijyb but does no damage. (Press . to maintain the ray.) Ijyb hits you with a +0 dagger.
HP[-4] MP[-2]
You take 4 damage, and now have 17/27 hp.
You lost 2 mp, and now have 9/16 mp.
The searing ray hits Ijyb.
Ijyb hits you with a +0 dagger.
HP[-3]
You take 3 damage, and now have 14/27 hp.
The searing ray misses Ijyb.
Ijyb zaps a wand.
The bolt of acid hits you!!
Ouch! That really hurt!
You die...

Skill      XL: |  1  2 |
---------------+-------+-----
Translocations | 1 |  1.4
Dodging        | |  2.0
Stealth        | |  2.6
Spellcasting   | |  2.6
Conjurations   | |  4.8

Action                   |  1- 3 |  4- 6 || total
-------------------------+-------+-------++-------
Melee: Whip              |     1 |       ||     1
 Cast: Magic Dart        |    70 |     7 ||    77
       Searing Ray       |       |     2 ||     2
Dodge: Dodged            |     9 |     1 ||    10

Levels and vault maps discovered:
D:1:      nzn_arrival_water_spiral, layout_loops_corners,
          hellmonk_ecumenical_altar_dog_temple, serial_shops,
          nicolae_shop_waterfront, nicolae_square_shop, nicolae_square_shop,
          shop
D:2:      layout_loops_ring, roderic_roman_lattice
D:3:      layout_basic, mainiacjoe_overflow_chevrons, serial_glass,
          glass_columns_c, glass_columns_a, glass_columns_a, glass_columns_a,
          glass_columns_a, feat_on_display, feat_on_display, item_on_display_a,
          uniq_ijyb

Notes
Turn   | Place    | Note
-------+----------+-------------------------------------------
     0 | D:1      | zeratav the Octopode Conjurer began the quest for the Orb.
     0 | D:1      | Reached XP level 1. HP: 11/11 MP: 3/3
     0 | D:1      | magus.rc [v1.9.6]
    85 | D:1      | You pick up a book of Spatial Translocations and begin
                  | reading...
    85 | D:1      | You add the spells Blink, Lesser Beckoning and Manifold
                  | Assault to your library.
   183 | D:1      | Found a faded altar of an unknown god.
   185 | D:1      | Reached XP level 2. HP: 17/17 MP: 0/5
   292 | D:1      | Found Cabbeopt's Armour Shoppe.
   412 | D:1      | You pick up a book of Burglary and begin reading...
   412 | D:1      | You add the spells Passwall, Ensorcelled Hibernation and
                  | Swiftness to your library.
   628 | D:1      | Found Mabeq's Distillery.
   676 | D:1      | Found Maenlo Olal's General Store.
   946 | D:1      | Reached skill level 1 in Translocations
   956 | D:1      | Found Kecluqosk's Jewellery Boutique.
   969 | D:1      | Reached XP level 3. HP: 21/21 MP: 3/6
  1341 | D:2      | You pick up a book of Minor Magic and begin reading...
  1341 | D:2      | You add the spells Call Imp and Mephitic Cloud to your
                  | library.
  1391 | D:2      | You pick up a book of Necromancy and begin reading...
  1391 | D:2      | You add the spells Pain, Animate Skeleton and Vampiric
                  | Draining to your library.
  1481 | D:2      | You add the spells Conjure Flame, Ignite Poison and Sticky
                  | Flame to your library.
  1734 | D:2      | Identified the +1 robe "Daulo" {*Slow rPois Dex+8}
  2123 | D:3      | Identified the +0 scale mail of Fanaticism {Str+4}
  2127 | D:3      | Learned a level 2 spell: Searing Ray
  2227 | D:3      | Reached XP level 4. HP: 27/27 MP: 7/7
  2355 | D:3      | Found a shimmering altar of Xom.
  2442 | D:3      | Noticed Ijyb
  2451 | D:3      | Killed from afar by Ijyb

Vanquished Creatures
  A gnoll (D:1)
  2 dart slugs
  4 ball pythons
  6 bats
  4 endoplasms
  5 giant cockroaches
  9 goblins
  4 jackals
  A quokka (D:1)
  A frilled lizard (D:2)
  4 kobolds
  3 rats
44 creatures vanquished.

Table legend:
 A = Non-vault XP
 B = Vault XP
 C = Vault XP percentage of total XP
 D = Non-vault monster count
 E = Vault monster count
 F = Vault count percentage of total count
                 A         B        C        D         E       F
            +---------+---------+-------+---------+---------+-------
      Total |      84 |       4 |   4.5 |      42 |       2 |   4.5
            +---------+---------+-------+---------+---------+-------
        D:1 |      46 |       4 |   8.0 |      20 |       2 |   9.1
        D:2 |      28 |       0 |   0.0 |      15 |       0 |   0.0
        D:3 |      10 |       0 |   0.0 |       7 |       0 |   0.0
            +---------+---------+-------+---------+---------+-------

Illustrated notes

Table legend:
 A = Kills in this place as a percentage of kills in entire the game.
 B = Kills by you in this place as a percentage of kills by you in the entire game.
 C = Kills by friends in this place as a percentage of kills by friends in the entire game.
 D = Other kills in this place as a percentage of other kills in the entire game.
 E = Experience gained in this place as a percentage of experience gained in the entire game.
 F = Experience gained in this place divided by the number of levels of this place that you have seen.
                   A       B       C       D       E      F
               +-------+-------+-------+-------+-------+----------------------
         Total | 100.0 | 100.0 |   N/A |   N/A | 100.0 |  29.3
       Dungeon | 100.0 | 100.0 |   N/A |   N/A | 100.0 |  29.3
               +-------+-------+-------+-------+-------+----------------------

Table legend: (Time is in decaauts)
 A = Elapsed time spent in this place.
 B = Non-inter-level travel time spent in this place.
 C = Inter-level travel time spent in this place.
 D = Time resting spent in this place.
 E = Time spent auto-exploring this place.
 F = Levels seen in this place.
 G = Mean time per level.
                   A        B        C        D        E       F      G
               +--------+--------+--------+--------+--------+-----+--------+
         Total |   2449 |   2379 |     70 |     45 |   2105 |   3 |  816.3 |
       Dungeon |   2449 |   2379 |     70 |     45 |   2105 |   3 |  816.3 |
               +--------+--------+--------+--------+--------+-----+--------+

Top non-repeatable levels by time:
     D:1: 1325 daAuts
     D:2: 785 daAuts
     D:3: 338 daAuts
